[Event "*** Titled Tuesday Blitz"]
[Site "Chess.com"]
[Date "2020.10.27"]
[Round "11"]
[White "davigator"]
[Black "zivicd"]
[Result "1-0"]
[WhiteElo "2370"]
[BlackElo "2266"]
[TimeControl "180+1"]
[EndTime "12:05:35 PDT"]
[Termination "davigator won on time"]

1. e4 c5 2. Nf3 e6 3. d4 cxd4 4. Nxd4 a6 5. Nc3 Qc7 6. a3 Nf6 7. f4 Nc6 8. Nxc6 bxc6 9. Bd3 d5 10. e5 Nd7 11. O-O Bc5+ 12. Kh1 g6 13. Na4 Ba7 14. c4 h5 15. Qc2 Nf8 16. Bd2 a5 17. Rac1 Qd8 18.
cxd5 cxd5 19. Bb5+ Bd7 20. Bxd7+ Qxd7 21. Nc5 Qb5 22.
a4 Qb6 23. Be3 Rc8 24. Qf2 Qb8 25. Na6 Bxe3 26. Nxb8 Rxc1 27. Qe2 Rxf1+ 28. Qxf1 Ke7 29. Nc6+ Kd7 30. Qb5 Kc7 31. Nxa5 Nd7 32. Qc6+ Kd8 33. Nb7+ Ke8 34. Qd6 Bb6 35. g3 h4 36. g4 h3 37. a5 Ba7 38. b4 Rh4 39. Nc5 Bxc5 40. bxc5 Rxg4 41. c6 Nf8 42. c7 1-0

[Event "*** Titled Tuesday Blitz"]
[Site "Chess.com"]
[Date "2020.10.27"]
[Round "11"]
[White "TokChess"]
[Black "suyu28"]
[Result "0-1"]
[WhiteElo "2451"]
[BlackElo "2614"]
[TimeControl "180+1"]
[EndTime "12:05:38 PDT"]
[Termination "suyu28 won by checkmate"]

1. c4 c6 2. Nf3 d5 3. d4 e6 4. e3 Nf6 5. Nc3 Nbd7 6. Qc2 Bd6 7. g4 h6 8. Bd2 a6 9. h4 e5 10. cxd5 cxd5 11. g5 hxg5 12. Nxg5 e4 13. Nxd5 Nxd5 14. Qxe4+ Ne7 15. Bc4 Rf8 16. Nh7 Rh8 17. Ng5 Rf8 18. Qh7 b5 19. Bb3 Nc6 20. Qxg7 Qf6 21. Qh7 Bb7 22. Ne4 Qe7 23. Nxd6+ Qxd6 24. Qe4+ Kd8 25. Qf5 Nxd4 26. exd4 Bxh1 27. Bf4 Re8+ 28.
Kf1 Qc6 29. d5 Qg6 30. Bg5+ Kc8 31. Qf4 Kb7 32. h5 Qd3+ 33. Kg1 Re4 34. Qxf7 Rg4+ 35. Kh2 Rg2+ 36. Kxh1 Qh3# 0-1

[Event "*** Titled Tuesday Blitz"]
[Site "Chess.com"]
[Date "2020.10.27"]
[Round "11"]
[White "maciek_92"]
[Black "juancruzarias"]
[Result "1-0"]
[WhiteElo "2721"]
[BlackElo "2538"]
[TimeControl "180+1"]
[EndTime "12:05:39 PDT"]
[Termination "maciek_92 won by checkmate"]

1. e4 e6 2. d4 d5 3. Nd2 Be7 4. Ngf3 Nf6 5. exd5 Qxd5 6. Bc4 Qh5 7. Qe2 c5 8. dxc5 Qxc5 9. Nb3 Qc7 10. Bg5 Nbd7 11. O-O-O a6 12. Nbd4 Nb6 13. Bb3 O-O 14. Rhe1 Bd7 15.
Nf5 Bd8 16. Nxg7 Kxg7 17. Ne5 Ng8 18. Qg4 Kh8 19. Rd3 f6 20. Bf4 fxe5 21. Bxe5+ Qxe5 22. Rxe5 Bf6 23. Rh5 Rae8 24. c3 Re7 25. Rdh3 Be8 26. Rxh7+ Rxh7 27. Bc2 Nh6 28. Qb4 Nd7 29. Bxh7 Kxh7 30.
Qf4 Rg8 31. Qxh6# 1-0

[Event "*** Titled Tuesday Blitz"]
[Site "Chess.com"]
[Date "2020.10.27"]
[Round "11"]
[White "Meri-Arabidze"]
[Black "Lion-Al-Messi"]
[Result "0-1"]
[WhiteElo "2663"]
[BlackElo "2551"]
[TimeControl "180+1"]
[EndTime "12:05:40 PDT"]
[Termination "Lion-Al-Messi won by resignation"]

1. d4 b6 2. c4 Bb7 3. Nc3 e6 4. a3 Nf6 5. Nf3 Be7 6. g3 O-O 7. Bg2 d6 8. O-O Nbd7 9. d5 a5 10. dxe6 fxe6 11. Nd4 Bxg2 12. Nxe6 Bxf1 13. Nxd8 Bh3 14.
Nc6 Rae8 15. Bg5 Be6 16. Nxe7+ Rxe7 17. Nd5 Bxd5 18. cxd5 Re5 19. Bxf6 Nxf6 20. Rc1 Rfe8 21. e3 Nxd5 22. Rc2 R8e7 23. Qd3 Nf6 24. Qa6 h6 25.
Qc8+ Ne8 26. Rc3 Kh7 27. Kg2 R5e6 28. h4 d5 29. Qa8 Nf6 30. Rc6 Re5 31. Rc2 c5 32.
Qb8 R5e6 33. b4 axb4 34. axb4 c4 35. Ra2 Ne4 36. Ra8 Kg6 37. g4 c3 38. f4 Re8 39.
Qxe8+ Rxe8 40. Rxe8 c2 41. Rc8 Nc5 42. Rc6+ Kh7 43. bxc5 c1=Q 44. Rxb6 Qxe3 45. Rc6 d4 46. Rc7 d3 0-1

[Event "*** Titled Tuesday Blitz"]
[Site "Chess.com"]
[Date "2020.10.27"]
[Round "11"]
[White "ftorodent"]
[Black "GameOverBro"]
[Result "1-0"]
[WhiteElo "2672"]
[BlackElo "2533"]
[TimeControl "180+1"]
[EndTime "12:05:40 PDT"]
[Termination "ftorodent won by resignation"]

1. d4 d6 2. Nf3 Nf6 3. c4 Nbd7 4. Nc3 e5 5. Bg5 Be7 6. e3 c6 7. Qc2 Qc7 8. Bd3 Nf8 9. O-O-O Bg4 10. Bf5 Bxf5 11.
Qxf5 g6 12. Qc2 Ne6 13. Bxf6 Bxf6 14. d5 Nc5 15. Nd2 Be7 16. g4 h5 17. h3 O-O-O 18. Nde4 Nxe4 19. Nxe4 cxd5 20. cxd5 Qxc2+ 21. Kxc2 hxg4 22. hxg4 f5 23. gxf5 gxf5 24. Ng3 Bh4 25. Nxf5 Bxf2 26. Nxd6+ Kd7 27. Nf7 Rc8+ 28. Kd3 e4+ 29. Kxe4 Rhe8+ 30. Ne5+ Kd8 31. Rd3 Bg3 32. Rh5 Rc2 33. Rb3 b6 34. Kd3 Rc5 35. Nc6+ Kc7 36. e4 Rf8 37. Rh7+ Kd6 38.
Rh6+ Kc7 39. Kd4 Bf2+ 40. Ke5 Bg3+ 41. Ke6 Re8+ 42. Kf5 Rc1 43. Rxg3 Rf1+ 44. Kg5 Rg8+ 45. Rg6 Rf3 46. Rxf3 1-0

[Event "*** Titled Tuesday Blitz"]
[Site "Chess.com"]
[Date "2020.10.27"]
[Round "11"]
[White "northridgehawk"]
[Black "dpopadic"]
[Result "0-1"]
[WhiteElo "2268"]
[BlackElo "2393"]
[TimeControl "180+1"]
[EndTime "12:05:40 PDT"]
[Termination "dpopadic won by resignation"]

1. e4 c5 2. Nf3 Nc6 3. d4 cxd4 4. Nxd4 Nf6 5. Nc3 e5 6. Ndb5 d6 7. Nd5 Nxd5 8. exd5 Nb8 9. c4 Be7 10. Be2 O-O 11. O-O f5 12. f4 a6 13. Nc3 Nd7 14.
Be3 Bf6 15. Qd2 exf4 16. Rxf4 Ne5 17. Raf1 b6 18. b4 Bd7 19. a3 Rc8 20. c5 bxc5 21. bxc5 dxc5 22. Bxa6 Ra8 23. Bb7 Rxa3 24. Bxc5 Re8 25.
Bxa3 Qb6+ 26. Kh1 Qxb7 27. Rb4 Qa6 28. Ra1 Ng4 29. h3 Ne3 30. Bb2 Qd6 31. Re1 Qxb4 32. Ba1 f4 33. d6 Qd4 34. Qa2+ Kh8 35. Qf7 Rd8 36. Ne4 Qxe4 37. Rxe3 Qb1+ 38. Kh2 Qxa1 39.
Qxd7 fxe3 40. Qe6 Qe5+ 41. Qxe5 Bxe5+ 42. Kg1 0-1

[Event "*** Titled Tuesday Blitz"]
[Site "Chess.com"]
[Date "2020.10.27"]
[Round "11"]
[White "Generalas"]
[Black "picturesquecheck"]
[Result "1-0"]
[WhiteElo "2342"]
[BlackElo "2104"]
[TimeControl "180+1"]
[EndTime "12:05:40 PDT"]
[Termination "Generalas won by resignation"]

1. e4 c5 2. c3 d5 3. exd5 Qxd5 4. d4 Nc6 5. Nf3 Bf5 6. Be2 cxd4 7. cxd4 Bxb1 8. Rxb1 e6 9. a3 Be7 10. O-O Bf6 11.
Be3 Nge7 12. b4 O-O 13. b5 Na5 14. Qa4 b6 15. Bd2 Rfd8 16. Bxa5 bxa5 17. Qxa5 Nc6 18. Qa6 Nxd4 19. Nxd4 Bxd4 20. Bf3 Qc5 21. Bxa8 Rxa8 22. b6 g6 23. b7 Rb8 24. Rbc1 Qe5 25. Rfe1 Qf4 26.
Kh1 Kg7 27. Qc6 Be5 28. g3 Qf5 29. Kg2 h5 30. Qe4 Bd6 31. Qxf5 gxf5 32. Rc6 Bxa3 33. Ra1 Bb2 34. Rxa7 Bd4 35. Ra4 e5 36. Rc7 Kf6 37.
Ra8 Rxb7 38. Rxb7 1-0

[Event "*** Titled Tuesday Blitz"]
[Site "Chess.com"]
[Date "2020.10.27"]
[Round "11"]
[White "GMaka"]
[Black "Rytenko_V"]
[Result "0-1"]
[WhiteElo "2404"]
[BlackElo "2538"]
[TimeControl "180+1"]
[EndTime "12:05:42 PDT"]
[Termination "Rytenko_V won by resignation"]

1. d4 d5 2. c4 c6 3. Nf3 Nf6 4. e3 Bg4 5. h3 Bh5 6. Nc3 e6 7. g4 Bg6 8. Qb3 Qb6 9. c5 Qc7 10. Ne5 Nbd7 11. Nxg6 hxg6 12. g5 Ng8 13. f4 f6 14. Bd3 Ne7 15. Qc2 Nf5 16. Bd2 fxg5 17. O-O-O gxf4 18. exf4 O-O-O 19. Bxf5 gxf5 20. Rde1 Rh6 21. h4 Re8 22. h5 Nf6 23. Qd1 Qf7 24. Reg1 Rxh5 25. Rxh5 Qxh5 26. Qxh5 Nxh5 27. Nd1 Be7 28. Nf2 Bf6 29. Be3 Kd7 30. Nd3 Ke7 31. Kd2 Kf7 32. b4 g6 33. a4 a6 34. b5 axb5 35. axb5 Ra8 36. bxc6 bxc6 37. Rb1 Ng3 38. Rb7+ Kg8 39. Rc7 Ne4+ 40. Kd1 Ra3 41. Ke2 Nc3+ 42. Kf3 Nb5 43. Rxc6 Rxd3 44. Rxe6 Nxd4+ 0-1

[Event "*** Titled Tuesday Blitz"]
[Site "Chess.com"]
[Date "2020.10.27"]
[Round "11"]
[White "midedu"]
[Black "Vandros57"]
[Result "1-0"]
[WhiteElo "2032"]
[BlackElo "2194"]
[TimeControl "180+1"]
[EndTime "12:05:43 PDT"]
[Termination "midedu won on time"]

1. e4 c5 2. Nc3 Nc6 3. g3 g6 4. Bg2 Bg7 5. Nge2 e6 6. d3 Nge7 7. Bg5 h6 8. Be3 d6 9. d4 cxd4 10. Nxd4 a6 11. O-O O-O 12. Qd2 Kh7 13. Rad1 Qc7 14.
b3 Bd7 15. Nce2 Nxd4 16. Nxd4 Rac8 17. c4 Rfd8 18. Rc1 Nc6 19. Rfd1 Nxd4 20. Bxd4 Bc6 21. Be3 Qe7 22. Qb4 Bf8 23. Bb6 Rd7 24. f4 h5 25. h4 Re8 26. Qc3 Bg7 27. Qe3 Qf6 28. Rd2 Bf8 29. Rcd1 e5 30. fxe5 Qxe5 31. Bd4 Qe6 32. Re2 f5 33. exf5 Qxe3+ 34. Rxe3 Rxe3 35. fxg6+ Kxg6 36. Bxe3 Bxg2 37. Kxg2 Rf7 38. Bf4 Rf6 39. Rd5 Re6 40. Kf3 Kf7 41. Rxh5 Re1 42. Rh7+ Bg7 43. Bxd6 1-0

[Event "*** Titled Tuesday Blitz"]
[Site "Chess.com"]
[Date "2020.10.27"]
[Round "11"]
[White "Semetey"]
[Black "wannabe2700"]
[Result "1-0"]
[WhiteElo "2579"]
[BlackElo "2728"]
[TimeControl "180+1"]
[EndTime "12:05:44 PDT"]
[Termination "Semetey won on time"]

1. e4 e5 2. Nc3 Nf6 3. Bc4 Nxe4 4. Bxf7+ Kxf7 5. Nxe4 d5 6. Ng3 Bc5 7. Qh5+ g6 8. Qe2 Nc6 9. c3 e4 10. d4 exd3 11. Qxd3 Re8+ 12. N1e2 Ne5 13. Qc2 Qh4 14. O-O Bh3 15. Nd4 Bd7 16. Be3 Bb6 17. Rae1 Kg8 18.
Qd1 Rf8 19. Qd2 c5 20. Bg5 Qg4 21. h3 Nc4 22. Qc1 Qxg3 23. fxg3 cxd4 24. Kh2 d3 25. Qd1 Nxb2 26. Qd2 Nc4 27. Qxd3 Bc6 28. Rxf8+ Rxf8 29. Bh6 Rd8 30. Re7 Bc5 31. Rg7+ Kh8 32. Qf3 1-0

[Event "*** Titled Tuesday Blitz"]
[Site "Chess.com"]
[Date "2020.10.27"]
[Round "11"]
[White "Mikasinski"]
[Black "MaxLeto"]
[Result "1-0"]
[WhiteElo "2493"]
[BlackElo "2352"]
[TimeControl "180+1"]
[EndTime "12:05:44 PDT"]
[Termination "Mikasinski won on time"]

1. e4 c5 2. Nf3 d6 3. d4 cxd4 4. Nxd4 Nf6 5. Nc3 a6 6. Be2 e6 7. f4 Be7 8. O-O O-O 9. Kh1 Nc6 10. Be3 Qc7 11. a4 Re8 12. Qe1 Nxd4 13. Bxd4 e5 14.
fxe5 dxe5 15. Qg3 Bd8 16. Be3 Be6 17. Rad1 Be7 18. Bd4 Nd7 19. Nd5 Bxd5 20. exd5 Qxc2 21. Bd3 Qxa4 22. Bc3 Qh4 23. Qf3 Bf6 24. Qf5 Nf8 25.
g3 Qg5 26. Qe4 Rad8 27. Rf5 Qh6 28. Rdf1 Ng6 29. h4 Ne7 30. R5f2 Nxd5 31. Bd2 Qg6 32.
Qc4 e4 33. Bb1 Qxg3 34. Rg2 Qxh4+ 35. Rh2 Qg3 36. Bxe4 g6 37. Bxd5 Re7 38. Rxf6 Qe5 39. Bxf7+ Kg7 40. Rf1 Qe4+ 41. Qxe4 Rxe4 42. Bc3+ Kf8 43.
Bd5+ 1-0

[Event "*** Titled Tuesday Blitz"]
[Site "Chess.com"]
[Date "2020.10.27"]
[Round "11"]
[White "queen_iryna"]
[Black "fabianvivasz"]
[Result "0-1"]
[WhiteElo "2299"]
[BlackElo "2424"]
[TimeControl "180+1"]
[EndTime "12:05:44 PDT"]
[Termination "fabianvivasz won on time"]

1. e4 e5 2. Nf3 Nc6 3. d3 Nf6 4. Be2 d5 5. Nbd2 Bc5 6. O-O O-O 7. c3 a5 8. h3 h6 9. Re1 dxe4 10. dxe4 Nh5 11.
Nxe5 Nxe5 12. Bxh5 Nd3 13. Rf1 Nxf2 14. Rxf2 Qh4 15. Qf3 Bxf2+ 16. Kh1 Ra6 17. e5 g6 18. Ne4 Ba7 19. Bxh6 Qxh5 20. Nf6+ Rxf6 21. Qxh5 gxh5 22. exf6 Re8 23. Rd1 Bf5 24. Rd5 Kh7 25. Bf4 Re1+ 26. Kh2 Kg6 27. Bxc7 h4 28. Bxa5 Bg1+ 0-1

[Event "*** Titled Tuesday Blitz"]
[Site "Chess.com"]
[Date "2020.10.27"]
[Round "11"]
[White "Michaelson_11"]
[Black "HanSchut"]
[Result "1-0"]
[WhiteElo "2144"]
[BlackElo "2214"]
[TimeControl "180+1"]
[EndTime "12:05:44 PDT"]
[Termination "Michaelson_11 won by resignation"]

1. e4 c5 2. Nf3 d6 3. d4 cxd4 4. Nxd4 Nf6 5. Nc3 a6 6. Bd3 g6 7. O-O Bg7 8. b3 O-O 9. Bb2 Bd7 10. Nce2 Nc6 11. f4 Qb6 12. Kh1 Ng4 13. Nxc6 Bxb2 14.
Nxe7+ Kh8 15. Rb1 Bg7 16. Qe1 Rfe8 17. Nd5 Qd8 18. Qg3 Nf6 19. Nec3 Rc8 20. Rbe1 Be6 21. Nxf6 Bxf6 22. Nd5 Bh4 23. Qe3 Bxd5 24. Qd4+ Bf6 25. Qxd5 Bg7 26. Qxf7 Rf8 27. Qxb7 d5 28. exd5 Qh4 29.
g3 Qh3 30. Re7 Bf6 31. Rf7 Rxf7 32. Qxf7 Bg7 33. Qe6 Rf8 34. Qxh3 1-0

[Event "*** Titled Tuesday Blitz"]
[Site "Chess.com"]
[Date "2020.10.27"]
[Round "11"]
[White "pedromartinez91"]
[Black "Zkid"]
[Result "0-1"]
[WhiteElo "2628"]
[BlackElo "2815"]
[TimeControl "180+1"]
[EndTime "12:05:47 PDT"]
[Termination "Zkid won on time"]

1. b3 c5 2. Bb2 Nc6 3. e3 Nf6 4. Nf3 g6 5. d4 cxd4 6. Nxd4 Bg7 7. Nxc6 bxc6 8. c4 O-O 9. Be2 d5 10. cxd5 cxd5 11. O-O a5 12. Nc3 Ba6 13. Bxa6 Rxa6 14. Qd3 Rc6 15. Nb5 e6 16. Rac1 Rxc1 17. Rxc1 Qb8 18.
a4 Ng4 19. Bxg7 Qxh2+ 20. Kf1 Qh1+ 21. Ke2 Qxc1 22. Bxf8 Kxf8 23. Qd4 Qc2+ 24. Kf3 h5 25. e4 Qxb3+ 26. Nc3 dxe4+ 27. Kxe4 e5 28. Qc5+ Kg7 29. Kd3 Qb2 30. f3 Nf2+ 31. Kc4 e4 32. Qd4+ Kh7 33. Qc5 exf3 34. gxf3 Qc2 35. Qxa5 Qd3+ 36. Kb3 Qxf3 0-1

[Event "*** Titled Tuesday Blitz"]
[Site "Chess.com"]
[Date "2020.10.27"]
[Round "11"]
[White "Quiet_Desperation"]
[Black "PavelChernomordik"]
[Result "1-0"]
[WhiteElo "2048"]
[BlackElo "2274"]
[TimeControl "180+1"]
[EndTime "12:05:47 PDT"]
[Termination "Quiet_Desperation won by resignation"]

1. e4 g6 2. d4 Bg7 3. Nc3 d6 4. Be3 c6 5. f3 b5 6. Qd2 Nd7 7.
O-O-O Qa5 8. Kb1 Nb6 9. Bd3 Be6 10. d5 Bd7 11. dxc6 Bxc6 12. Nxb5 Qxd2 13. Rxd2 Kd7 14.
Nd4 Bb7 15. Bb5+ Kc7 16. Nh3 a6 17. Be2 Nf6 18. Rhd1 Nfd7 19. Ng5 Raf8 20. Nde6+ fxe6 21. Nxe6+ Kb8 22. Nxg7 Rc8 23. Ne6 Nc4 24. Bxc4 Rxc4 25. b3 Rcc8 26. Nf4 Ne5 27. Bd4 Rhf8 28. Bxe5 dxe5 29. Nd5 e6 30. Ne3 Rc5 31. Rd8+ Rxd8 32. Rxd8+ Kc7 33. Rh8 Rc3 34. Nc4 a5 35. Kb2 Rxc4 36.
bxc4 Kb6 37. Rxh7 Ba6 38. Kc3 a4 39. a3 Kc5 40. Rc7+ Kd6 41. Ra7 Bc8 42. Kb4 Bd7 43.
Ra6+ Kc7 44. Kc5 Bc8 45. Ra7+ Kb8 46. Rg7 g5 47. Rxg5 Kc7 48. Rxe5 Bd7 49. Rg5 Bc8 50. h4 e5 51. Rxe5 Kd7 52. f4 Bb7 53. g4 Kd8 54. h5 Bc8 55. f5 Kc7 56. g5 Kb8 57. g6 1-0

[Event "*** Titled Tuesday Blitz"]
[Site "Chess.com"]
[Date "2020.10.27"]
[Round "11"]
[White "Firouzja2003"]
[Black "Sychev_Klementy"]
[Result "1-0"]
[WhiteElo "3082"]
[BlackElo "2894"]
[TimeControl "180+1"]
[EndTime "12:05:48 PDT"]
[Termination "Firouzja2003 won on time"]

1. e4 e5 2. Nf3 Nc6 3. Bb5 a6 4. Ba4 b5 5. Bb3 Na5 6. d4 exd4 7. O-O d6 8. Qxd4 Bb7 9. Bg5 Nf6 10. Bxf6 Nxb3 11.
axb3 Qxf6 12. Qxf6 gxf6 13. Nc3 O-O-O 14. Nd4 h5 15.
Rfd1 h4 16. h3 Rh5 17. Nf5 d5 18. Ne2 dxe4 19. Rxd8+ Kxd8 20. Rd1+ Ke8 21. Ne3 Bd6 22. Nd4 f5 23. Ndxf5 Be5 24. c3 a5 25. Ra1 Bc8 26. Nd4 b4 27. Nc4 bxc3 28. bxc3 Bxd4 29. cxd4 Rd5 30.
Rxa5 Rxd4 31. Rh5 Rd3 32. Rh8+ Kd7 33. Ne5+ 1-0

[Event "*** Titled Tuesday Blitz"]
[Site "Chess.com"]
[Date "2020.10.27"]
[Round "11"]
[White "mbojan"]
[Black "doons21"]
[Result "1-0"]
[WhiteElo "2703"]
[BlackElo "2563"]
[TimeControl "180+1"]
[EndTime "12:05:48 PDT"]
[Termination "mbojan won by checkmate"]

1. Nf3 Nf6 2. Ng1 g6 3. Nf3 Bg7 4. Ng1 O-O 5. Nf3 d5 6. Ng1 e5 7.
g3 Nc6 8. Bg2 Re8 9. d3 a5 10.
e3 e4 11. d4 h5 12. h4 Ng4 13. Ne2 Ne7 14. Nbc3 c6 15. Nf4 b5 16. Nce2 Nf5 17. Bh3 Nd6 18. b3 b4 19. a3 Rb8 20. axb4 axb4 21. Bd2 Qb6 22. Ra4 Qc7 23. Bxb4 Nf5 24. Bd2 Bb7 25. O-O c5 26. Bxg4 hxg4 27. Bc3 c4 28.
bxc4 dxc4 29. d5 Rbd8 30. Bxg7 Kxg7 31. Nc3 Qe5 32. Rxc4 Ba6 33. Rc6 Bxf1 34. Qxf1 Rc8 35. Qc4 Nd6 36. Qb4 Rcd8 37. Nce2 Qa1+ 38. Kg2 Nf5 39.
c4 Rb8 40. Qc3+ Qxc3 41. Nxc3 Rb2 42. Nce2 Ra8 43. d6 Rd2 44. c5 Raa2 45. Rc7 Nxd6 46. cxd6 Rxd6 47. Re7 Ra4 48. Nd4 Kf8 49. Rxe4 Ra7 50.
Re5 Re7 51. Ra5 Rb6 52. h5 gxh5 53. Rxh5 Rb2 54. Nf5 Rxe3 55. Rh8# 1-0

[Event "*** Titled Tuesday Blitz"]
[Site "Chess.com"]
[Date "2020.10.27"]
[Round "11"]
[White "Sueetin"]
[Black "ShahMatKanal"]
[Result "0-1"]
[WhiteElo "2313"]
[BlackElo "2446"]
[TimeControl "180+1"]
[EndTime "12:05:48 PDT"]
[Termination "ShahMatKanal won by checkmate"]

1. d4 d6 2. Nf3 Nf6 3. e3 c6 4. Be2 Bg4 5. O-O Nbd7 6. c3 Qc7 7. Nbd2 g6 8. h3 Bxf3 9. Nxf3 Bg7 10. b3 O-O 11.
Bb2 a5 12. a3 b5 13. Rc1 a4 14. b4 Nb6 15. c4 bxc4 16. Bxc4 Nxc4 17. Rxc4 Qb6 18. Qc2 Rfc8 19. Rc1 Ra6 20. Ne1 Nd7 21. Nd3 Nb8 22. d5 Bxb2 23. Nxb2 Qb5 24. dxc6 Raxc6 25. Rxc6 Rxc6 26. Qd1 Rxc1 27. Qxc1 Nd7 28. Qc8+ Kg7 29. Qc3+ f6 30. Qc2 Nb6 31. Qe4 Kf7 32. Qc2 d5 33. h4 h5 34. Nd3 Qc4 35. Qd1 e5 36. Nc5 d4 37. Nxa4 Nd5 38. exd4 exd4 39. Nc5 Nf4 40. Qf3 d3 41. Qb7+ Kg8 42. Qc8+ Kh7 43.
Qd7+ Kh6 44. Qe7 Ne2+ 45. Kh2 Qxh4# 0-1

[Event "*** Titled Tuesday Blitz"]
[Site "Chess.com"]
[Date "2020.10.27"]
[Round "11"]
[White "korbul"]
[Black "TimofeevAr"]
[Result "0-1"]
[WhiteElo "2617"]
[BlackElo "2790"]
[TimeControl "180+1"]
[EndTime "12:05:49 PDT"]
[Termination "TimofeevAr won by resignation"]

1. e4 e5 2. Nf3 Nf6 3. Nxe5 d6 4. Nf3 Nxe4 5. d4 Be7 6. Bd3 Nf6 7. O-O O-O 8. c4 Bg4 9. h3 Bh5 10. Nc3 Nc6 11.
Be3 d5 12. c5 a5 13. a3 Re8 14.
Bb5 Ne4 15. g4 Bg6 16. Ne2 f6 17. Nh4 Bf7 18. Nf5 Bf8 19. f3 Ng5 20. h4 Ne6 21. Qd2 a4 22. h5 Qc8 23. Neg3 Rd8 24. Rfe1 Na5 25. Rad1 Nc4 26. Bxc4 dxc4 27. Qc1 b5 28. Ne4 Rd5 29. h6 Qd8 30. hxg7 Bxg7 31. Bh6 Bh8 32. Qe3 Qd7 33. Nfg3 Re8 34. Qf2 Nxd4 35. Rxd4 Rxd4 36. Nf5 Rdxe4 37. fxe4 Bg6 38. Bf4 Bg7 39. Kh2 Bf8 40. Qh4 Qf7 41. Nh6+ Bxh6 42. Bxh6 Rxe4 43.
Rxe4 Bxe4 44. g5 f5 45. Qf4 Qe7 46. Qe3 Qe5+ 47. Kh3 Bg2+ 0-1

[Event "*** Titled Tuesday Blitz"]
[Site "Chess.com"]
[Date "2020.10.27"]
[Round "11"]
[White "MIJuanReyesRosa"]
[Black "CraiggoryC"]
[Result "0-1"]
[WhiteElo "2071"]
[BlackElo "2228"]
[TimeControl "180+1"]
[EndTime "12:05:49 PDT"]
[Termination "CraiggoryC won by checkmate"]

1. d4 Nf6 2. Nf3 g6 3. c4 Bg7 4.
Nc3 O-O 5. e4 c5 6. Be2 d6 7. O-O Nc6 8. Re1 cxd4 9. Nxd4 Nxe4 10. Nxc6 Nxc3 11. Nxd8 Nxd1 12. Nxf7 Nxb2 13. Nh6+ Kh8 14.
Rb1 Na4 15. Bg5 Nc3 16. Rbc1 Nxa2 17. Rc2 Nb4 18. Rd2 Bc3 19. Bxe7 Bxd2 20. Rd1 Bxh6 21. Bxf8 Bxf8 22. Rf1 Bf5 23. g3 Be4 24. Bf3 Bxf3 25. Rb1 Re8 26. h4 Kg7 27. c5 dxc5 28. h5 Bxh5 29.
Kh2 Bf3 30. Kh3 Bd6 31. g4 Re2 32. Rf1 Bc6 33. g5 Bd7+ 34. Kh4 Nd5 35. f4 Nxf4 36. Kg3 Nd3+ 37. Kh4 Rh2# 0-1

[Event "*** Titled Tuesday Blitz"]
[Site "Chess.com"]
[Date "2020.10.27"]
[Round "11"]
[White "Alexsur1981"]
[Black "Ginger_GM"]
[Result "1-0"]
[WhiteElo "2773"]
[BlackElo "2600"]
[TimeControl "180+1"]
[EndTime "12:05:50 PDT"]
[Termination "Alexsur1981 won by resignation"]

1. e4 d6 2. d4 Nf6 3. f3 Nbd7 4. c4 e5 5. d5 Be7 6. Be3 O-O 7. Nc3 Nh5 8. Qd2 a5 9. Nge2 Nc5 10. O-O-O a4 11.
Kb1 f5 12. Ng3 Nxg3 13. hxg3 b6 14. Bxc5 bxc5 15. exf5 Bxf5+ 16. Bd3 Qd7 17. Bxf5 Qxf5+ 18. Qc2 g6 19. g4 Qf7 20. Nxa4 e4 21. fxe4 Bf6 22.
Nc3 Qg7 23. Nb5 Qd7 24. Rh3 Qxg4 25. Nxc7 Rab8 26. Nb5 Be5 27. Rdh1 h5 28. a4 Ra8 29. Re3 Ra5 30. Ka2 Rfa8 31. b3 Rf8 32. Qe2 Qg5 33. Rhh3 Raa8 34. Rhf3 Bg7 35. e5 Bxe5 36. Nc7 Rxf3 37. Qxf3 Rc8 38. Ne6 Qe7 39. Qe4 Kh7 40.
Rf3 Rb8 41. Rf7+ Qxf7 42. Ng5+ Kg7 43. Nxf7 Kxf7 44. Qf3+ Kg7 45. Qh3 Rf8 46. b4 cxb4 47. Kb3 Bc3 48. c5 dxc5 49. d6 Rb8 50. Qe6 Bf6 51.
a5 c4+ 52. Qxc4 1-0

[Event "*** Titled Tuesday Blitz"]
[Site "Chess.com"]
[Date "2020.10.27"]
[Round "11"]
[White "OK97"]
[Black "TengisChess"]
[Result "1-0"]
[WhiteElo "2803"]
[BlackElo "2626"]
[TimeControl "180+1"]
[EndTime "12:05:52 PDT"]
[Termination "OK97 won by checkmate"]

1. d4 d5 2. c4 c6 3. Nf3 Nf6 4.
Qb3 dxc4 5. Qxc4 Bf5 6. g3 e6 7. Bg2 Nbd7 8. O-O a5 9. e3 Be7 10. Rd1 O-O 11. Qe2 Bg6 12. Nc3 a4 13. a3 Nd5 14. e4 Nxc3 15. bxc3 Bh5 16. Rb1 Qc8 17.
Bf4 Rd8 18. Qa2 Bg6 19. Nd2 h5 20. Nc4 b5 21. Nd6 Bxd6 22. Bxd6 Nf6 23. Be7 Nxe4 24. Rbc1 Rd7 25. Bb4 Qb7 26. c4 Rad8 27. Qe2 Rxd4 28. Rxd4 Rxd4 29. cxb5 Qxb5 30. Qe3 Qd5 31. h4 Kh7 32.
Kh2 f5 33. Rc5 Qd7 34. Ra5 Rd3 35. Qf4 c5 36. Be1 Nf6 37. Ra8 Ng4+ 38. Kh3 e5 39. Qc4 Bf7 40. Qxc5 e4 41. Qf8 f4 42. Bxe4+ g6 43. Qh8# 1-0

[Event "*** Titled Tuesday Blitz"]
[Site "Chess.com"]
[Date "2020.10.27"]
[Round "11"]
[White "Zmof"]
[Black "Neftegor"]
[Result "1/2-1/2"]
[WhiteElo "2229"]
[BlackElo "2458"]
[TimeControl "180+1"]
[EndTime "12:05:52 PDT"]
[Termination "Game drawn by agreement"]

1. e4 c6 2. d4 d5 3. Nc3 dxe4 4. Nxe4 Nf6 5. Nxf6+ exf6 6. Bc4 Bd6 7. Qe2+ Qe7 8.
Qxe7+ Kxe7 9. Ne2 Rd8 10. c3 Nd7 11. Bf4 Bxf4 12. Nxf4 b5 13. Bd3 h6 14. O-O-O Nb6 15. Rhe1+ Kf8 16. Be4 Bb7 17. Nd3 Rac8 18. Nc5 Ba8 19.
Bf5 Rc7 20. g3 a5 21. Re2 Nc4 22. Rde1 g6 23. Bd3 Nb6 24. f4 f5 25. h4 h5 26. Re5 Bb7 27. Be2 Bc8 28. Bf3 Nd7 29. Nxd7+ Bxd7 30. Rc5 Rdc8 31. a3 Be6 32. Kd2 Ke7 33. d5 cxd5 34. Rxc7+ Rxc7 35. Kd3 Kd6 36. Re5 Rb7 37. b4 axb4 38. axb4 f6 39. Re2 Ra7 40.
Kd4 Ra1 41. Kd3 Rd1+ 42. Rd2 Ra1 43. Re2 d4 44. Kxd4 Bc4 45. Rd2 Rg1 46. Be2 Bxe2 47. Rxe2 Rxg3 48. Ra2 Rg4 49. Ra6+ Ke7 50. Ra7+ Ke6 51.
Ra6+ Kf7 52. Ra7+ Ke6 53. Ra6+ Ke7 54. Ra7+ Kd6 55. Ra6+ Kc7 56. Rxf6 Rxf4+ 57. Kc5 Rc4+ 58. Kxb5 Rxc3 59. Rxg6 f4 60. Rf6 f3 1/2-1/2

[Event "*** Titled Tuesday Blitz"]
[Site "Chess.com"]
[Date "2020.10.27"]
[Round "11"]
[White "Kapibara_Warri0r"]
[Black "Evachess2006"]
[Result "1-0"]
[WhiteElo "2136"]
[BlackElo "1641"]
[TimeControl "180+1"]
[EndTime "12:05:52 PDT"]
[Termination "Kapibara_Warri0r won by resignation"]

1. e4 e5 2. Nf3 Nc6 3. Bb5 a6 4. Ba4 Nf6 5. O-O b5 6. Bb3 Be7 7. Re1 O-O 8. a4 b4 9. d4 exd4 10. Nxd4 Nxd4 11. Qxd4 c5 12. Qd1 Bb7 13. e5 Ne4 14.
Bd5 Qc7 15. Bxe4 Bxe4 16. Rxe4 Qc6 17. Qf3 d5 18. exd6 Bxd6 19. Bf4 Rae8 20. Rxe8 Rxe8 21.
Bd2 Qxf3 22. gxf3 Be5 23. c3 bxc3 24. Nxc3 Rb8 25. Rb1 Rb4 26. Re1 f6 27. Ne4 Rxb2 28. Bc3 Ra2 29. Bxe5 fxe5 30. Nxc5 Ra3 31. Rxe5 Rxf3 32.
Nxa6 Rf4 33. a5 Rg4+ 34. Kf1 Ra4 35. Nc7 Ra1+ 36. Kg2 Ra2 37. a6 Ra4 38. Re8+ Kf7 39. Ra8 Rf4 40. Nb5 Rg4+ 41. Kf3 Rb4 42. a7 Ra4 43.
Rb8 Ra3+ 1-0

[Event "*** Titled Tuesday Blitz"]
[Site "Chess.com"]
[Date "2020.10.27"]
[Round "11"]
[White "Samantha_Ross"]
[Black "Manukyan_Artak"]
[Result "0-1"]
[WhiteElo "2307"]
[BlackElo "2413"]
[TimeControl "180+1"]
[EndTime "12:05:54 PDT"]
[Termination "Manukyan_Artak won by resignation"]

1. Nf3 d5 2. c4 d4 3. g3 c5 4. b4 f6 5. Bg2 e5 6. d3 cxb4 7. a3 b3 8. Nbd2 Nc6 9. Nxb3 Bd6 10.
c5 Bc7 11. Nfd2 Be6 12. Qc2 Nge7 13. Nc4 O-O 14. O-O Bd5 15. Bd2 Bxg2 16. Kxg2 Qd5+ 17. f3 f5 18. Rab1 Rab8 19. a4 f4 20. g4 h5 21. gxh5 Rf5 22. Kh1 Rxh5 23. Rg1 Kf7 24. Nd6+ Bxd6 25. cxd6 Nf5 26. Qc5 Qxd6 27. Qxd6 Nxd6 28. Nc5 b6 29. Ne4 Nxe4 30. dxe4 Rc8 31. Rbc1 Ne7 32. Rxc8 Nxc8 33. Rc1 Nd6 34. Rc7+ Ke6 35.
Bb4 a5 36. Ba3 Rh6 37. Rc6 Kd7 38. Rxb6 Nc4 39. Rb3 Rb6 40. Rxb6 Nxb6 41. h4 g6 42. Kh2 Nxa4 43. Kh3 Nc3 44. Kg4 Ke6 45. Kg5 Kf7 46.
h5 gxh5 47. Kxh5 Nxe2 48. Kg5 Ke6 49. Kg4 d3 0-1